 Dungeon Crawl Stone Soup version 0.18.1-48-g4cf74bf (webtiles) character file.

108 Dusangard the Grave Robber (level 4, -2/30 HPs)
             Began as a Mummy Necromancer on Aug 20, 2016.
             Slain by doroboNeko's ghost (5 damage)
             ... on level 3 of the Dungeon.
             The game lasted 00:17:14 (2666 turns).

Dusangard the Grave Robber (Mummy Necromancer)      Turns: 2666, Time: 00:17:14

Health: -2/30      AC:  5    Str: 11    XL:     4   Next: 58%
Magic:  7/7        EV: 10    Int: 15    God:
Gold:   67         SH:  0    Dex: 12    Spells: 2 memorised, 3 levels left

rFire  x . .     SeeInvis .     c - +0 short sword
rCold  + . .     Gourm    .     l - +0 ring mail
rNeg   + + +     Faith    .     (no shield)
rPois  ∞         Spirit   .     (no helmet)
rElec  .         Dismiss  .     (no cloak)
rCorr  .         Reflect  .     (no gloves)
SustAt +         Harm     .     (no boots)
MR     .....                    (no amulet)
Stlth  +.........               n - ring of sustain attributes
                                d - ring of wizardry

@: not resistant to hostile enchantments, very unstealthy
A: no food or potions, fire vulnerability, cold resistance 1, negative energy
resistance 3, torment resistance, unbreathing
a: no special abilities


You were on level 3 of the Dungeon.
You were not hungry.

You visited 1 branch of the dungeon, and saw 3 of its levels.

You collected 67 gold pieces.

Inventory:

Hand Weapons
 c - a +0 short sword (weapon)
 g - a +0 short sword
 k - a +0 mace
Missiles
 i - 17 poisoned needles
Armour
 a - a +1 robe
 l - a +0 ring mail (worn)
 o - a +0 leather armour
Jewellery
 d - a ring of wizardry (left hand)
 n - a ring of sustain attributes (right hand)
Scrolls
 h - a scroll of identify
 m - a scroll of noise
Potions
 e - 2 potions of curing {unknown}
Books
 b - a book of Necromancy

   Spells                             Type                      Level
   a - Pain                           Necromancy                   1
   b - Animate Skeleton               Necromancy                   1
   c - Vampiric Draining              Necromancy                   3
   d - Regeneration                   Charms/Necromancy            3
   e - Animate Dead                   Necromancy                   4
   f - Control Undead                 Necromancy                   4


   Skills:
 + Level 0.2 Fighting
 + Level 0.8 Short Blades
 + Level 0.5 Armour
 + Level 2.1 Dodging
 + Level 1.8 Stealth
 + Level 2.3 Spellcasting
 + Level 5.0 Necromancy


You had 3 spell levels left.
You knew the following spells:

 Your Spells              Type           Power        Failure   Level  Hunger
a - Pain                  Necr           ###.         4%          1    N/A
b - Vampiric Draining     Necr           ###.......   9%          3    N/A

Dungeon Overview and Level Annotations

Branches:
Dungeon (3/15)

Altars:

Annotations:
D:3 doroboNeko's ghost, amateur TeAE


Innate Abilities, Weirdness & Mutations

You do not eat or drink.
Your flesh is vulnerable to fire.
You are immune to poison.
Your flesh is cold resistant.
You are immune to negative energy.
You are immune to unholy pain and torment.
You can survive without breathing.


Message History

A kobold comes into view. It is wielding a short sword.
DoroboNeko's ghost barely misses you. The kobold hits you but does no damage.
You hit the kobold.
The kobold is severely wounded.
DoroboNeko's ghost hits you. The kobold hits you with a short sword.
You hit the kobold but do no damage.
The kobold is severely wounded.
DoroboNeko's ghost hits you but does no damage.
The kobold hits you but does no damage.
You closely miss the kobold.
The kobold is severely wounded.
DoroboNeko's ghost hits you.
* * * LOW HITPOINT WARNING * * *
The kobold hits you with a short sword.
* * * LOW HITPOINT WARNING * * *
You hit the kobold.
You kill the kobold!
DoroboNeko's ghost hits you.
You die...

### #.##### #
#.....# #
#.###W# # #.#
#@# # #.# #)#
############.#
#..
.............#
####
##############


You could see doroboNeko's ghost.

Vanquished Creatures
  3 adders (D:2)
  2 oozes
  3 worms (D:2)
  A dart slug (D:2)
  2 giant geckos (D:1)
  11 bats
  2 giant cockroaches
  8 goblins
  6 hobgoblins
  4 jackals (D:1)
  5 kobolds
  A quokka (D:2)
  2 giant newts (D:1)
  10 rats
60 creatures vanquished.

Notes
Turn   | Place    | Note
--------------------------------------------------------------
     0 | D:1      | Dusangard the Mummy Necromancer began the quest for the Orb.
     0 | D:1      | Reached XP level 1. HP: 13/13 MP: 3/3
   166 | D:1      | Reached XP level 2. HP: 8/19 MP: 0/5
  1055 | D:1      | Reached XP level 3. HP: 22/24 MP: 6/6
  1060 | D:1      | Learned a level 3 spell: Vampiric Draining
  1721 | D:2      | Reached XP level 4. HP: 28/30 MP: 7/7
  2246 | D:2      | Reached skill level 5 in Necromancy
  2617 | D:3      | Noticed doroboNeko's ghost (amateur TeAE)
  2666 | D:3      | Slain by doroboNeko's ghost

Skill      XL: |  1  2  3  4 |
---------------+-------------+-----
Dodging        | 2 |  2.1
Necromancy     | 5 |  5.0
Fighting       | |  0.2
Short Blades   | |  0.8
Armour         | |  0.5
Stealth        | |  1.8
Spellcasting   | |  2.3

Action                   |  1- 3 |  4- 6 || total
-------------------------+-------+-------++-------
Melee: Short sword       |   115 |    60 ||   175
 Cast: Pain              |    26 |    27 ||    53
       Vampiric Draining |     5 |     2 ||     7
  Use: Scroll            |       |     4 ||     4
 Stab: Sleeping          |     5 |       ||     5
Armor: Robe              |    20 |       ||    20
       Ring mail         |    49 |    24 ||    73
Dodge: Dodged            |   102 |    28 ||   130
